 Dungeon Crawl Stone Soup version 0.22.0-21-g8bd1b0a76a (webtiles) character file.

76 Kirk the Charmwright (level 4, 8/33 HPs)
             Began as a Demonspawn Skald on Aug 19, 2018.
             Quit the game on level 2 of the Dungeon.
             The game lasted 00:04:00 (1652 turns).

Kirk the Charmwright (Demonspawn Skald)             Turns: 1652, Time: 00:04:00

Health: 8/33       AC:  5    Str: 12    XL:     4   Next: 12%
Magic:  7/7        EV: 11    Int: 15    God:
Gold:   44         SH:  0    Dex: 12    Spells: 4/7 levels left

rFire    . . .     SeeInvis .   a - +0 hand axe
rCold    + . .     Gourm    .   (no shield)
rNeg     . . .     Faith    .   b - +0 leather armour
rPois    .         Spirit   .   (no helmet)
rElec    .         Reflect  .   (no cloak)
rCorr    .         Harm     .   (no gloves)
MR       .....                  (no boots)
Stlth    +.........             (no amulet)
HPRegen  0.11/turn              (no ring)
MPRegen  0.10/turn              (no ring)

@: lethally poisoned (8 -> -33)
A: hooves 1, molten scales 1, cold resistance 1
a: no special abilities


You were on level 2 of the Dungeon.
You were hungry.

You visited 1 branch of the dungeon, and saw 2 of its levels.

You collected 44 gold pieces.

Inventory:

Hand Weapons
 a - a +0 hand axe (weapon)
Armour
 b - a +0 leather armour (worn)
Scrolls
 c - 2 scrolls of identify
 f - a scroll of magic mapping
Comestibles
 d - a ration


   Skills:
 + Level 2.2 Fighting
 * Level 3.1 Axes
 - Level 0.8 Armour
 - Level 1.7 Dodging
 + Level 2.3 Spellcasting
 + Level 3.3 Charms


You had 4 spell levels left.
You knew the following spells:

 Your Spells              Type           Power        Failure   Level  Hunger
a - Infusion              Chrm           ##..         7%          1    #......
b - Song of Slaying       Chrm           ##......     11%         2    ###....

Your spell library contained the following spells:

 Spells                   Type           Power        Failure   Level  Hunger
 Shroud of Golubria       Chrm/Tloc      #.........   22%         2    ###....
 Regeneration             Chrm/Necr      #.........   38%         3    ###....
 Spectral Weapon          Hex/Chrm       #.......     38%         3    ###....


Dungeon Overview and Level Annotations

Branches:
Dungeon (2/15)

Altars:
Makhleb

Annotations:
D:2 Terence


Innate Abilities, Weirdness & Mutations

You have large cloven feet.
You are partially covered in molten scales. (AC +2)
Your flesh is cold resistant. (rC+)


Message History

* * * LOW HITPOINT WARNING * * *
You feel sick.
Terence says, "Rest in peace."
Terence hits you but does no damage.
You completely miss Terence. You kick Terence, but do no damage.
Terence is moderately wounded.
* * * LOW HITPOINT WARNING * * *
You feel very sick. Terence closely misses you.
You feel much better.
You feel sick.
Terence hits you with a short sword of venom.
You are more poisoned.
You hit Terence but do no damage. Your kick misses Terence.
Terence is moderately wounded.
You feel very sick. Terence hits you but does no damage.
Terence hits you with a short sword of venom.
* * * LOW HITPOINT WARNING * * *
You are more poisoned.
Are you sure you want to abandon this character and quit the game? (Confirm with "yes".)

...######## #.....# #........
........†.####.....######...>.<..
...######...†....................
...# ########.########........
...# #...# #........ ...# #.###
##........ ...#
#.#########......... ####
#.#...............). #
#.#@@............... ##
##.#................. .#######
#........#####....>..
l#.....######..#.##### ##.....#
...._............# #######
..#............###
#.###.######..##********* #.....#
###)..#*,,,,,,,,*
.....(###....##*,,,,,,,,*


You could see Terence.

Vanquished Creatures
  2 adders (D:2)
  2 worms (D:2)
  2 dart slugs
  A leopard gecko (D:1)
  A ball python (D:1)
  3 giant cockroaches
  4 goblins (D:1)
  5 hobgoblins
  3 jackals (D:2)
  9 kobolds
  4 bats
  2 frilled lizards (D:2)
  8 rats (D:1)
46 creatures vanquished.

Notes
Turn   | Place    | Note
-------+----------+-------------------------------------------
     0 | D:1      | Kirk the Demonspawn Skald began the quest for the Orb.
     0 | D:1      | Reached XP level 1. HP: 16/16 MP: 3/3
   415 | D:1      | Gained mutation: You are partially covered in molten scales. (AC +2) [demonic ancestry]
   415 | D:1      | Reached XP level 2. HP: 20/22 MP: 0/5
   623 | D:1      | Gained mutation: You have large cloven feet. [demonic ancestry]
   623 | D:1      | Reached XP level 3. HP: 20/27 MP: 0/6
   692 | D:1      | Learned a level 2 spell: Song of Slaying
  1371 | D:2      | Found a burning altar of Makhleb.
  1409 | D:2      | Gained mutation: Your flesh is cold resistant. (rC+) [demonic ancestry]
  1409 | D:2      | Reached XP level 4. HP: 20/33 MP: 1/7
  1588 | D:2      | Noticed Terence
  1652 | D:2      | Quit the game

Skill      XL: |  1  2  3 |
---------------+----------+-----
Axes           | 2 3 |  3.1
Charms         | 3 |  3.3
Fighting       | |  2.2
Armour         | |  0.8
Dodging        | |  1.7
Spellcasting   | |  2.3

Action                   |  1- 3 |  4- 6 || total
-------------------------+-------+-------++-------
Melee: Hand axe          |   106 |    43 ||   149
       Kick              |    10 |    13 ||    23
 Cast: Infusion          |    10 |     3 ||    13
  Use: Scroll            |       |     4 ||     4
       Potion            |       |     3 ||     3
  Eat: Chunk             |     2 |       ||     2
Armor: Leather armour    |    45 |    18 ||    63
Dodge: Dodged            |    73 |    30 ||   103
